AoeStats
← Blazing Cartesia, The Virtuous

Arabia

510115324Analyzed
1v1 RM · 2d ago on Sep 29, 2026· 55m 51s· 2 players
Game mode
Random Map
Map size
Tiny (2 player)
Population
200
Speed
Normal
Resources
Standard
Victory
Conquest
Starting age
Dark Age
Ending age
Imperial Age
RankedLock teamsTeams togetherTeam positionsShared explorationLock speedFull tech treeHidden civsTurbo modeCheats
Victory
Defeat
1200
+18
🇪🇸 Franks · Spain
1244
-18
Blazing Cartesia, The Virtuous
6:17 Loom
9:13 Feudal Age
9:44 Double-Bit Axe
17:32 Wheelbarrow
18:27 Gold Mining
21:03 Castle Age
19:49 Bloodlines
20:08 Horse Collar
21:58 Bow Saw
21:48 Heavy Plow
21:21 Pikeman
23:16 Scale Mail Armor
25:50 Chain Mail Armor
31:01 Hand Cart
35:51 Imperial Age
33:30 Fletching
34:19 Husbandry
34:39 Bodkin Arrow
36:27 Padded Archer Armor
37:11 Ballistics
36:30 Halberdier
37:15 Bracer
37:15 Town Watch
37:04 Heavy Cavalry Archer
38:55 Leather Archer Armor
39:48 Chemistry
43:07 Conscription
43:42 Recurve Bow
45:09 Gold Shaft Mining
44:27 Stone Mining
44:33 Arson
45:43 Scale Barding Armor
47:51 Town Patrol
48:31 Elite Magyar Huszar
49:47 Hoardings
52:14 Chain Barding Armor
55:13 Plate Barding Armor
55:01 Corvinian Army
56:23 Masonry
kugat
6:37 Loom
9:19 Feudal Age
9:58 Double-Bit Axe
13:36 Scale Barding Armor
17:57 Wheelbarrow
21:36 Castle Age
20:13 Forging
22:26 Husbandry
24:03 Chain Barding Armor
24:29 Iron Casting
24:40 Bow Saw
25:55 Hand Cart
35:53 Gold Mining
39:29 Imperial Age
38:06 Gold Shaft Mining
37:22 Stone Mining
38:53 Padded Archer Armor
39:32 Cavalier
42:50 Blast Furnace
42:37 Plate Barding Armor
42:12 Paladin
45:16 Chivalry
Connection lost

Rejoining the realm…

Still unreachable

The connection could not be restored.

Session expired

The server has moved on; the page needs a fresh start.